[Event "ICC tourney 1955 (60 10)"]
[Site "Internet Chess Club"]
[Date "2020.08.07"]
[Round "2"]
[White "Arsalchess"]
[Black "staxxknight"]
[Result "1/2-1/2"]
[ICCResult "Game drawn because neither player has mating material"]
[WhiteElo "2002"]
[BlackElo "1839"]
[Opening "Scandinavian defense"]
[ECO "B01"]
[NIC "SD.03"]
[Time "15:37:18"]
[TimeControl "3600+10"]

1. e4 d5 2. exd5 Nf6 3. Nf3 Bg4 4. Be2 Qxd5 5. d4 Nc6 6. O-O O-O-O 7. c4 Qf5
8. Be3 e5 9. d5 e4 10. Ng5 Bxe2 11. Qxe2 Ne5 12. f4 exf3 13. Nxf3 Nxf3+ 14.
Qxf3 Qxf3 15. Rxf3 Ng4 16. Bd4 c5 17. Bc3 f6 18. Nd2 Re8 19. Nf1 Bd6 20. h3
Ne5 21. Bxe5 Bxe5 22. Rd1 Bxb2 23. d6 Bd4+ 24. Kh1 Kd7 25. Ng3 g6 26. Rb1 b6
27. Ra3 Ra8 28. Ne2 Be5 29. Rd1 Rhe8 30. Nc3 Bxc3 31. Rxc3 Re2 32. Rf3 f5
33. g4 Re5 34. gxf5 Rxf5 35. Re3 Rf7 36. Kg2 Re8 37. Ra3 Kc6 38. d7 Rd8 39.
Rxa7 Rdxd7 40. Rdxd7 Rxd7 41. Ra4 Rd4 42. Kf3 h5 43. Kg3 g5 44. Kf3 Rd3+ 45.
Kg2 Rd2+ 46. Kf3 Rb2 47. Ra3 Rb4 48. Rc3 b5 49. cxb5+ Kxb5 50. a3 Rd4 51.
Kg3 c4 52. Kf2 Rd3 53. Rxd3 cxd3 54. Ke3 g4 55. hxg4 hxg4 56. Kxd3 g3 57.
Ke3 Ka4 58. Kf3 Kxa3 59. Kxg3
{Game drawn because neither player has mating material}
1/2-1/2

[Event "ICC tourney 1955 (60 10)"]
[Site "Internet Chess Club"]
[Date "2020.08.07"]
[Round "2"]
[White "blueeagle405"]
[Black "kwen2008"]
[Result "1-0"]
[ICCResult "Black resigns"]
[WhiteElo "1993"]
[BlackElo "1681"]
[Opening "Nimzo-Indian: 4.e3 e8g8, 5.Nf3, without ...d5"]
[ECO "E50"]
[NIC "NI.11"]
[Time "15:37:47"]
[TimeControl "3600+10"]

1. d4 Nf6 2. c4 e6 3. Nc3 Bb4 4. e3 O-O 5. Nf3 Re8 6. Bd3 d5 7. O-O c6 8. a3
Bf8 9. Re1 c5 10. b3 b6 11. cxd5 exd5 12. dxc5 bxc5 13. Bb2 Bg4 14. Be2 Nc6
15. Qc2 Qe7 16. Rad1 Rad8 17. Ng5 Bxe2 18. Nxd5 Rxd5 19. Rxd5 g6 20. Bxf6
Qxf6 21. Qxe2 Nd4 22. Qd3 Qc6 23. Ne4 Bg7 24. exd4 Qxd5 25. Nf6+ Bxf6 26.
Rxe8+ Kg7 27. Qc4 Qf5 28. dxc5 Qb1+ 29. Qf1 Qxb3 30. Qc1 Bb2 31. Re3 Bxc1
32. Rxb3 Bf4 33. c6 Bc7 34. Rb7 Bb6 35. Rxb6 axb6 36. c7 b5 37. c8=Q
{Black resigns}
1-0

[Event "ICC tourney 1955 (60 10)"]
[Site "Internet Chess Club"]
[Date "2020.08.07"]
[Round "2"]
[White "liguowh"]
[Black "ShaunTracey"]
[Result "1-0"]
[ICCResult "Black resigns"]
[WhiteElo "1953"]
[BlackElo "1752"]
[Opening "Scandinavian defense"]
[ECO "B01"]
[NIC "SD.01"]
[Time "15:37:30"]
[TimeControl "3600+10"]

1. e4 d5 2. exd5 Qxd5 3. Nc3 Qa5 4. d4 Nf6 5. Nf3 Bf5 6. Bd2 c6 7. Bc4 e6 8.
O-O Qc7 9. Re1 Be7 10. h3 h6 11. Ne5 Nbd7 12. Bf4 Nxe5 13. Bxe5 Bd6 14. f4
O-O-O 15. Qe2 Rhe8 16. Rad1 Bg6 17. Bd3 Bxd3 18. Qxd3 Rg8 19. a3 Nd5 20.
Nxd5 cxd5 21. Re3 Kb8 22. f5 exf5 23. Qxf5 f6 24. Bxd6 Rxd6 25. Rde1 Rd7 26.
c3 a6 27. Re6 Rf8 28. Qg6 Rff7 29. Qh5 Qc4 30. R1e2 Ka7 31. Qf5 Qb5 32. h4
Qc4 33. h5 Qb3 34. Kf2 Qc4 35. Re8 Qb3 36. Qe6 Qb6 37. Ra8+ Kxa8 38. Qxb6
{Black resigns}
1-0

[Event "ICC tourney 1955 (60 10)"]
[Site "Internet Chess Club"]
[Date "2020.08.07"]
[Round "2"]
[White "VishyNo1"]
[Black "fork321"]
[Result "1-0"]
[ICCResult "Black resigns"]
[WhiteElo "2117"]
[BlackElo "1879"]
[Opening "French: Steinitz, Boleslavsky variation"]
[ECO "C11"]
[NIC "FR.04"]
[Time "15:38:24"]
[TimeControl "3600+10"]

1. e4 e6 2. d4 d5 3. Nc3 Nf6 4. e5 Nfd7 5. f4 c5 6. Nf3 Nc6 7. Be3 h6 8. Qd2
g5 9. fxg5 cxd4 10. Bxd4 hxg5 11. Bb5 g4 12. Ng1 a6 13. Bxc6 bxc6 14. Qf4 c5
15. Bf2 Qa5 16. Kf1 Bh6 17. Qxg4 Nxe5 18. Qe2 Nc4 19. Nf3 Bb7 20. Re1 Nxb2
21. Qe5 O-O-O 22. Bg3 Qb6 23. Rb1 Kd7 24. Qf6 Rdf8 25. Ne5+ Kc7 26. Nc4+
{Black resigns}
1-0

[Event "ICC tourney 1955 (60 10)"]
[Site "Internet Chess Club"]
[Date "2020.08.07"]
[Round "2"]
[White "kkhanna"]
[Black "cprovince"]
[Result "1-0"]
[ICCResult "Black resigns"]
[WhiteElo "1628"]
[BlackElo "1884"]
[Opening "Queen's pawn game, Darooha variation "]
[ECO "D02"]
[NIC "QP.08"]
[Time "15:37:11"]
[TimeControl "3600+10"]

1. d4 d5 2. Nf3 Nf6 3. g3 Bf5 4. Bg2 e6 5. c4 c6 6. O-O Nbd7 7. Qb3 b6 8.
cxd5 exd5 9. Nc3 Bd6 10. Nd2 O-O 11. e4 dxe4 12. Ndxe4 Nxe4 13. Nxe4 Bxe4
14. Bxe4 Rc8 15. Be3 Nf6 16. Bg2 Re8 17. Rac1 Qd7 18. Qa4 Ne4 19. d5 b5 20.
dxc6 Qf5 21. Qxa7 Rc7 22. Qd4 Bf8 23. Bf4 Rcc8 24. Bxe4 Rxe4 25. Qd7 Qe6 26.
Qxe6 Rxe6 27. c7 Bd6 28. Rfd1 Be7 29. Rd7 Bf6 30. Rcd1 g6 31. Rd8+ Re8 32.
Rxe8+ Rxe8 33. Rd5 b4 34. Rb5 Kg7 35. Rb8 {Black resigns} 1-0

[Event "ICC tourney 1955 (60 10)"]
[Site "Internet Chess Club"]
[Date "2020.08.07"]
[Round "2"]
[White "peakypoe"]
[Black "omegablitz"]
[Result "1-0"]
[ICCResult "Black resigns"]
[WhiteElo "2041"]
[BlackElo "1740"]
[Opening "Catalan: closed, 5.Nf3"]
[ECO "E06"]
[NIC "CA.04"]
[Time "15:38:05"]
[TimeControl "3600+10"]

1. d4 d5 2. c4 e6 3. Nf3 Nf6 4. g3 Be7 5. Bg2 O-O 6. O-O b6 7. Nc3 Bb7 8.
Ne5 Nbd7 9. Bf4 h6 10. Nb5 c6 11. Nxd7 Qxd7 12. cxd5 Nxd5 13. Bxd5 exd5 14.
Nc3 Rfe8 15. Qd2 Rad8 16. Rfe1 Bf6 17. Rad1 c5 18. Be3 Qc6 19. Qd3 a6 20.
Qf5 Bc8 21. Qf3 Bb7 22. Rd2 c4 23. g4 b5 24. Qg3 b4 25. Nb1 a5 26. g5 hxg5
27. Bxg5 Bxg5 28. Qxg5 Ba6 29. e3 Rd6 30. Kh1 Rg6 31. Qf4 Qe6 32. f3 Rc8 33.
Rc2 Qh3 34. Rg1 Rf6 35. Qxf6 g6 36. Rcg2 {Black resigns} 1-0

[Event "ICC tourney 1955 (60 10)"]
[Site "Internet Chess Club"]
[Date "2020.08.07"]
[Round "2"]
[White "Mulan2009"]
[Black "andrewf2009"]
[Result "1/2-1/2"]
[ICCResult "Game drawn by mutual agreement"]
[WhiteElo "1610"]
[BlackElo "1846"]
[Opening "Sicilian: Richter-Rauzer, Rauzer attack, 7...a6 defense, 8...Bd7"]
[ECO "B67"]
[NIC "SI.30"]
[Time "15:37:17"]
[TimeControl "3600+10"]

1. e4 c5 2. Nf3 Nc6 3. d4 cxd4 4. Nxd4 Nf6 5. Nc3 d6 6. Bg5 e6 7. Qd2 a6 8.
O-O-O Bd7 9. f4 b5 10. Nxc6 Bxc6 11. e5 h6 12. Bh4 dxe5 13. Qxd8+ Rxd8 14.
Rxd8+ Kxd8 15. fxe5 g5 16. Bg3 Nd5 17. Nxd5 Bxd5 18. h4 Be7 19. b3 Kd7 20.
hxg5 Bxg5+ 21. Kb2 Bd2 22. c4 bxc4 23. Bxc4 Bxc4 24. Rd1 Bd5 25. Rxd2 Rc8
26. Rf2 Ke8 27. Bf4 h5 28. g3 Kd7 29. Rc2 Rxc2+ {Game drawn by mutual
agreement} 1/2-1/2

[Event "ICC tourney 1955 (60 10)"]
[Site "Internet Chess Club"]
[Date "2020.08.07"]
[Round "2"]
[White "TeeKay2020"]
[Black "Elieman"]
[Result "0-1"]
[ICCResult "White checkmated"]
[WhiteElo "1775"]
[BlackElo "2049"]
[Opening "Two knights defense (Modern bishop's opening)"]
[ECO "C55"]
[NIC "IG.01"]
[Time "15:37:38"]
[TimeControl "3600+10"]

1. e4 e5 2. Nf3 Nc6 3. Bc4 Nf6 4. d3 h6 5. O-O d6 6. a4 g6 7. c3 Bg7 8. Re1
O-O 9. b4 Kh7 10. a5 a6 11. Na3 Ng8 12. Nc2 f5 13. exf5 gxf5 14. Bb2 Nf6 15.
d4 e4 16. Nd2 d5 17. Bb3 Ne7 18. c4 c6 19. c5 Ng6 20. Nb1 Nf4 21. Nc3 Nd3
22. Qb1 Ng4 23. Re3 Qh4 24. Rh3 Qxf2+ 25. Kh1 Qf4 26. Rg3 Bf6 27. Bc1 Qf1#
{White checkmated}
0-1

[Event "ICC tourney 1955 (60 10)"]
[Site "Internet Chess Club"]
[Date "2020.08.07"]
[Round "2"]
[White "chessmate09520"]
[Black "clydedrexler22"]
[Result "0-1"]
[ICCResult "White resigns"]
[WhiteElo "2048"]
[BlackElo "1987"]
[Opening "Caro-Kann: exchange variation"]
[ECO "B13"]
[NIC "CK.02"]
[Time "15:37:50"]
[TimeControl "3600+10"]

1. e4 c6 2. d4 d5 3. exd5 cxd5 4. Bd3 Nc6 5. c3 Qc7 6. h3 Nf6 7. Nf3 e5 8.
dxe5 Nxe5 9. Bc2 Bd6 10. O-O O-O 11. Bg5 Be6 12. Nd4 Qb6 13. Bxf6 gxf6 14.
Qh5 Ng6 15. Nxe6 fxe6 16. Bxg6 hxg6 17. Qxg6+ Kh8 18. Nd2 Rac8 19. Nf3 Rc7
20. Rfe1 Rg7 21. Qh6+ Rh7 22. Qd2 Rg8 23. Kh1 Bc7 24. Re2 Qd6 25. Rd1 Rg5
26. Qe3 Re7 27. g3 Rh5 28. Kg2 Rg7 29. Nd4 e5 30. Nb5 Qd7 31. Qf3 Qxh3+ 32.
Kg1 Qh2+ 33. Kf1 Qh1+ 34. Qxh1 Rxh1+ 35. Kg2 Rxd1 {White resigns} 0-1

[Event "ICC tourney 1955 (60 10)"]
[Site "Internet Chess Club"]
[Date "2020.08.07"]
[Round "2"]
[White "andrewjiang2"]
[Black "agpil"]
[Result "1/2-1/2"]
[ICCResult "Game drawn by repetition"]
[WhiteElo "2070"]
[BlackElo "1907"]
[Opening "Sicilian defense"]
[ECO "B30"]
[NIC "SI.31"]
[Time "15:38:25"]
[TimeControl "3600+10"]

1. e4 c5 2. Nf3 Nc6 3. c3 Nf6 4. e5 Nd5 5. d4 cxd4 6. cxd4 d6 7. Bc4 Nb6 8.
Bb5 e6 9. Bg5 Be7 10. Bxe7 Qxe7 11. Nc3 O-O 12. O-O d5 13. a4 a6 14. Bd3 Nb4
15. Bb1 Bd7 16. a5 Nc8 17. Qd2 Na7 18. Qf4 Rfc8 19. Qg4 h6 20. Re1 Nb5 21.
Ne2 Nc2 22. Bxc2 Rxc2 23. Nf4 Kh7 24. Nd3 Rac8 25. Qf4 Be8 26. Rac1 Rxc1 27.
Rxc1 Rxc1+ 28. Qxc1 Qd8 29. b4 b6 30. Qd2 bxa5 31. bxa5 Na3 32. Nb2 Qc7 33.
h3 Bb5 34. Qb4 Qc1+ 35. Kh2 Nc2 36. Qc3 Qf4+ 37. Kg1 Qc1+ 38. Kh2 Qf4+ 39.
Kg1 Qc1+ 40. Kh2 {Game drawn by repetition} 1/2-1/2

[Event "ICC tourney 1955 (60 10)"]
[Site "Internet Chess Club"]
[Date "2020.08.07"]
[Round "2"]
[White "davidbtn"]
[Black "qiaoqiaoszx"]
[Result "0-1"]
[ICCResult "White checkmated"]
[WhiteElo "1774"]
[BlackElo "2023"]
[Opening "Neo-Grünfeld, 6.O-O c6"]
[ECO "D78"]
[NIC "QP.11"]
[Time "15:38:25"]
[TimeControl "3600+10"]

1. Nf3 Nf6 2. g3 g6 3. Bg2 Bg7 4. c4 O-O 5. O-O c6 6. d4 d5 7. Nc3 dxc4 8.
Ne5 Be6 9. e4 Nbd7 10. Bf4 Nh5 11. Nxd7 Qxd7 12. Be3 Rad8 13. d5 Bxc3 14.
bxc3 cxd5 15. Bxa7 dxe4 16. Bxe4 Nf6 17. Bg2 Bd5 18. Bb6 Ra8 19. Bxd5 Nxd5
20. Bd4 Ra3 21. Qe2 Nxc3 22. Qxc4 Qxd4 23. Qc7 Ne2+ 24. Kg2 Qd5+ 25. f3 Nd4
26. Qxe7 Rxf3 27. Kh3 Qh5+ 28. Kg2 Rc3 29. Rae1 Rc2+ 30. Rf2 Rxf2+ 31. Kxf2
Qxh2+ 32. Ke3 Nf5+ 33. Kd3 Nxe7 34. Rxe7 Qxg3+ 35. Re3 Rd8+ 36. Ke2 Qxe3+
37. Kxe3 h5 38. a4 h4 39. Kf4 g5+ 40. Kg4 Rd4+ 41. Kxg5 h3 42. Kf5 h2 43.
Ke5 Rxa4 44. Kd5 h1=Q+ 45. Ke5 Qe4+ 46. Kd6 Rd4+ 47. Kc5 Rd5+ 48. Kb6 Qe6+
49. Ka7 Rd8 50. Kxb7 Rd7+ 51. Kc8 Qe8# {White checkmated} 0-1

[Event "ICC tourney 1955 (60 10)"]
[Site "Internet Chess Club"]
[Date "2020.08.07"]
[Round "2"]
[White "goodcrowdchess"]
[Black "tanker2"]
[Result "0-1"]
[ICCResult "White checkmated"]
[WhiteElo "1595"]
[BlackElo "1864"]
[Opening "French: Tarrasch, closed variation, main line"]
[ECO "C06"]
[NIC "FR.17"]
[Time "15:38:06"]
[TimeControl "3600+10"]

1. e4 e6 2. d4 d5 3. Nd2 Nf6 4. e5 Nfd7 5. Bd3 c5 6. c3 Nc6 7. Ne2 cxd4 8.
cxd4 f6 9. exf6 Nxf6 10. Nf3 Bd6 11. O-O O-O 12. Bf4 Qc7 13. Bxd6 Qxd6 14.
Ng3 Bd7 15. Re1 Rae8 16. Qd2 Kh8 17. Rad1 Ng4 18. Bc2 e5 19. dxe5 Ncxe5 20.
Nxe5 Nxe5 21. Bb3 Bc6 22. Ne4 Qg6 23. Ng3 Ng4 24. Rxe8 Rxe8 25. Qa5 Qf6 26.
Rf1 b6 27. Qxa7 Bb5 28. Ba4 Bxf1 29. f3 Qd4+ 30. Kh1 Nf2+ 31. Kg1 Nh3+ 32.
Kh1 Qg1# {White checkmated} 0-1

[Event "ICC tourney 1955 (60 10)"]
[Site "Internet Chess Club"]
[Date "2020.08.07"]
[Round "2"]
[White "chessmilano"]
[Black "Willixm"]
[Result "0-1"]
[ICCResult "White resigns"]
[WhiteElo "1435"]
[BlackElo "1887"]
[Opening "Queen's pawn, Mason variation"]
[ECO "D00"]
[NIC "QP.08"]
[Time "15:37:20"]
[TimeControl "3600+10"]

1. d4 d5 2. Bf4 Nf6 3. e3 e6 4. Nf3 c5 5. c3 Nc6 6. Nbd2 Qb6 7. Qc2 cxd4 8.
exd4 Bd7 9. Rc1 Rc8 10. Qb1 Be7 11. h3 O-O 12. Bd3 Na5 13. Ne5 Bb5 14. b4
Bxd3 15. Qxd3 Bxb4 16. O-O Bd6 17. Ndf3 Qc7 18. Rfd1 Ne4 19. c4 Nc6 20. cxd5
exd5 21. Qb5 Nf6 22. Bg5 a6 23. Qb3 Ne4 24. Qxd5 Nxg5 25. Nxg5 Bxe5 26. dxe5
Qxe5 27. Qxe5 Nxe5 28. f4 Rxc1 29. Rxc1 Nd3 30. Rc7 Nxf4 31. Rxb7 h6 32. Nf3
Re8 33. Nd4 Re4 34. Rd7 Rxd4 {White resigns} 0-1

[Event "ICC tourney 1955 (60 10)"]
[Site "Internet Chess Club"]
[Date "2020.08.07"]
[Round "2"]
[White "caracal"]
[Black "kralj8"]
[Result "1-0"]
[ICCResult "Black checkmated"]
[WhiteElo "1989"]
[BlackElo "1793"]
[Opening "Nimzo-Indian: 4.e3 O-O, 5.Bd3 d5"]
[ECO "E48"]
[NIC "QP.08"]
[Time "15:38:00"]
[TimeControl "3600+10"]

1. d4 d5 2. c4 e6 3. Nc3 Bb4 4. e3 Nf6 5. Bd3 O-O 6. Ne2 Nbd7 7. O-O b6 8.
f3 Bb7 9. cxd5 exd5 10. e4 c5 11. e5 Ne8 12. f4 cxd4 13. Nb5 Nc5 14. Nbxd4
Nxd3 15. Qxd3 Nc7 16. f5 Ba6 17. Qg3 Re8 18. f6 g6 19. Kh1 Bxe2 20. Nxe2 Ne6
21. Nf4 Nxf4 22. Bxf4 Rc8 23. Bh6 Re6 24. Rac1 Bf8 25. Qf4 Rc5 26. b4 Rc8
27. Bg7 Rxc1 28. Rxc1 Bxg7 29. fxg7 Kxg7 30. Rd1 b5 31. Qd4 Qc7 32. Qxd5
Qxe5 33. Qxe5+ Rxe5 34. Kg1 Re2 35. Rd5 Rxa2 36. Rxb5 Kf6 37. Rb7 Ke6 38. h4
h5 39. Kh2 f6 40. Kh3 a6 41. Rb6+ Kf5 42. b5 Rb2 43. Rxa6 Rxb5 44. Ra1 g5
45. Rf1+ Kg6 46. hxg5 fxg5 47. Ra1 Rb3+ 48. Kh2 g4 49. Ra6+ Kg5 50. Ra5+ Kg6
51. Ra6+ Kg5 52. Ra5+ Kf4 53. Ra4+ Ke3 54. Ra5 h4 55. Rh5 Kf2 56. Rf5+ Ke3
57. Rh5 Rb6 58. Rxh4 Kf2 59. Rh5 Rf6 60. Rh8 Rf5 61. Rh7 Rf4 62. Rh6 Rf5 63.
Rh8 g3+ 64. Kh3 Rf4 65. Ra8 Rf7 66. Ra2+ Kg1 67. Kxg3 Rg7+ 68. Kf3 Rf7+ 69.
Ke3 Re7+ 70. Kf4 Rf7+ 71. Ke4 Re7+ 72. Kf5 Rf7+ 73. Kg6 Rf8 74. g4 Rg8+ 75.
Kf5 Rf8+ 76. Kg5 Rg8+ 77. Kf5 Rf8+ 78. Ke6 Rf4 79. g5 Rf3 80. g6 Kh1 81. g7
Rg3 82. Kf7 Rf3+ 83. Kg8 Kg1 84. Ra6 Rb3 85. Kh7 Rb7 86. Kh8 Rxg7 87. Kxg7
Kf2 88. Ra3 Ke1 89. Kf6 Kd2 90. Ke5 Kc1 91. Ra2 Kb1 92. Rh2 Kc1 93. Kf4 Kb1
94. Ke3 Kc1 95. Kd3 Kb1 96. Kc3 Ka1 97. Kb3 Kb1 98. Rh1# {Black checkmated}
1-0

[Event "ICC tourney 1955 (60 10)"]
[Site "Internet Chess Club"]
[Date "2020.08.07"]
[Round "2"]
[White "MikeWMason"]
[Black "hilariouspanda"]
[Result "0-1"]
[ICCResult "White resigns"]
[WhiteElo "1755"]
[BlackElo "2072"]
[Opening "Sicilian: Smith-Morra gambit"]
[ECO "B21"]
[NIC "SI.48"]
[Time "15:38:05"]
[TimeControl "3600+10"]

1. e4 c5 2. d4 cxd4 3. c3 dxc3 4. Nxc3 Nc6 5. Nf3 d6 6. Bc4 e6 7. Qe2 Be7 8.
O-O Nf6 9. Rd1 e5 10. h3 O-O 11. Be3 a6 12. Rac1 Bd7 13. Nd5 Nxd5 14. Bxd5
Qa5 15. a3 Rac8 16. Qd3 b5 17. Bd2 Qb6 18. Be3 Qb8 19. Bg5 Bxg5 20. Nxg5 Nd4
21. Rxc8 Qxc8 22. f4 Qc5 23. Kh2 Be6 24. fxe5 dxe5 25. Nxe6 fxe6 26. b4 Qe7
27. Ba2 Rf2 28. Rc1 Rxa2 29. Rc8+ Kf7 30. Qc3 Qf6 31. Rc7+ Kg6 32. Qg3+ Kh6
33. h4 Qf4 34. Kh3 Qxg3+ 35. Kxg3 Rxa3+ 36. Kg4 Ne2 {White resigns} 0-1

[Event "ICC tourney 1955 (60 10)"]
[Site "Internet Chess Club"]
[Date "2020.08.07"]
[Round "2"]
[White "LawrenceTu"]
[Black "watermelon"]
[Result "1/2-1/2"]
[ICCResult "Game drawn by mutual agreement"]
[WhiteElo "1888"]
[BlackElo "1723"]
[Opening "English: four knights, kingside fianchetto"]
[ECO "A29"]
[NIC "EO.04"]
[Time "15:37:32"]
[TimeControl "3600+10"]

1. c4 Nf6 2. Nc3 e5 3. Nf3 Nc6 4. g3 Bc5 5. Bg2 d6 6. O-O O-O 7. e3 Re8 8.
d4 exd4 9. exd4 Bb6 10. b3 Bg4 11. Be3 Qd7 12. d5 Ne5 13. Bxb6 axb6 14. Nxe5
Rxe5 15. Qd2 Bh3 16. Rae1 Rae8 17. f4 Rxe1 18. Rxe1 Rxe1+ 19. Qxe1 Bxg2 20.
Kxg2 Qf5 21. Qe2 c6 22. Qe3 h6 23. h3 cxd5 24. Nxd5 Nxd5 25. cxd5 Qxd5+ 26.
Kf2 Qc5 27. Kf3 Qc6+ 28. Kg4 Qc8+ 29. Kf3 Qxh3 30. Qxb6 Qh1+ 31. Kf2 Qh2+
32. Kf3 Qh5+ 33. Kf2 Qd5 34. a4 Qd2+ 35. Kf3 Qd3+ 36. Kf2 Qc2+ 37. Kf3 Qd3+
38. Kf2 Qd2+ 39. Kf3 {Game drawn by mutual agreement} 1/2-1/2

[Event "ICC tourney 1955 (60 10)"]
[Site "Internet Chess Club"]
[Date "2020.08.07"]
[Round "2"]
[White "chessrani"]
[Black "combusken1123"]
[Result "1-0"]
[ICCResult "Black resigns"]
[WhiteElo "2001"]
[BlackElo "1698"]
[Opening "Sicilian: Pelikan, Chelyabinsk variation"]
[ECO "B33"]
[NIC "SI.37"]
[Time "15:37:50"]
[TimeControl "3600+10"]

1. e4 c5 2. Nf3 Nc6 3. d4 cxd4 4. Nxd4 Nf6 5. Nc3 e5 6. Ndb5 d6 7. Bg5 a6 8.
Na3 b5 9. Nd5 Be7 10. Bxf6 Bxf6 11. c3 Ne7 12. Nxf6+ gxf6 13. Qf3 f5 14.
exf5 Bxf5 15. Bd3 Bg6 16. O-O f5 17. Bc2 Rc8 18. Rfe1 Kf7 19. Rad1 Qc7 20.
Bb3+ Kf6 21. Nc2 h5 22. Nb4 h4 23. Qd3 Rcd8 24. Nxa6 Qb6 25. Nb4 f4 26. Nd5+
Nxd5 27. Qxd5 Rhe8 28. Qf3 Kg5 29. Qd5 h3 30. Rd2 Rg8 31. Qf3 Bf5 32. Bxg8
Rxg8 33. Qd5 {Black resigns} 1-0

[Event "ICC tourney 1955 (60 10)"]
[Site "Internet Chess Club"]
[Date "2020.08.07"]
[Round "2"]
[White "aghilan"]
[Black "annameiyappan"]
[Result "1-0"]
[ICCResult "Black checkmated"]
[WhiteElo "1866"]
[BlackElo "1906"]
[Opening "Scandinavian (center counter) defense"]
[ECO "B01"]
[NIC "VO.17"]
[Time "15:37:50"]
[TimeControl "3600+10"]

1. e4 d5 2. exd5 Qxd5 3. Nf3 Nf6 4. Nc3 Qa5 5. d4 c6 6. Be2 Bf5 7. O-O Qc7
8. Bg5 e6 9. Bh4 Bd6 10. Qd2 Bf4 11. Qd1 Nbd7 12. Bg3 O-O-O 13. a4 h5 14. b4
h4 15. Bxf4 Qxf4 16. b5 c5 17. a5 cxd4 18. Qxd4 Qxd4 19. Nxd4 Bg6 20. a6 e5
21. axb7+ Kxb7 22. Nc6 Ra8 23. Ra2 Ne4 24. Rd1 Ndc5 25. Nd5 f6 26. Rda1 a6
27. Nce7 Bf7 28. bxa6+ Kb8 29. Rb2+ Ka7 30. Nc6# {Black checkmated} 1-0

[Event "ICC tourney 1955 (60 10)"]
[Site "Internet Chess Club"]
[Date "2020.08.07"]
[Round "2"]
[White "playerlucky"]
[Black "ORSAJack88"]
[Result "1-0"]
[ICCResult "Black resigns"]
[WhiteElo "1927"]
[BlackElo "2017"]
[Opening "Queen's bishop game"]
[ECO "D02"]
[NIC "QP.08"]
[Time "15:37:21"]
[TimeControl "3600+10"]

1. d4 d5 2. Nf3 Nf6 3. Bf4 g6 4. e3 Bg7 5. c4 c6 6. Nc3 b6 7. Bd3 O-O 8. O-O
dxc4 9. Bxc4 Bb7 10. Rc1 e6 11. a3 Qe7 12. h3 Nbd7 13. Qe2 a6 14. Ne5 c5 15.
dxc5 Nxc5 16. b4 Ncd7 17. Rfd1 Rfc8 18. Bb3 Nxe5 19. Bxe5 Nd7 20. Bxg7 Kxg7
21. e4 f6 22. Qe3 b5 23. Ne2 Ne5 24. Nf4 Nc4 25. Bxc4 bxc4 26. e5 Rc6 27.
exf6+ Kxf6 28. Rc3 Rac8 29. Nh5+ Kf7 30. Qf4+ Kg8 31. Nf6+ Kg7 32. Rd7 R8c7
33. Rxe7+ Rxe7 34. Ng4 Rf7 35. Qd4+ {Black resigns} 1-0

[Event "ICC tourney 1955 (60 10)"]
[Site "Internet Chess Club"]
[Date "2020.08.07"]
[Round "2"]
[White "Leolix"]
[Black "ChessPlayer2005"]
[Result "1-0"]
[ICCResult "Black resigns"]
[WhiteElo "1960"]
[BlackElo "1756"]
[Opening "Grünfeld: modern exchange variation"]
[ECO "D85"]
[NIC "GI.04"]
[Time "15:38:12"]
[TimeControl "3600+10"]

1. d4 Nf6 2. c4 g6 3. Nc3 d5 4. cxd5 Nxd5 5. e4 Nxc3 6. bxc3 Bg7 7. Nf3 O-O
8. Be3 c5 9. Qd2 Nc6 10. d5 Ne5 11. Nxe5 Bxe5 12. Rc1 b6 13. f4 Bg7 14. Be2
Bb7 15. c4 Qc7 16. O-O Rad8 17. Bf3 Rfe8 18. e5 Bc8 19. Qe2 Bd7 20. Rfd1 Qc8
21. h3 Qb8 22. Bg4 Qc8 23. Bxd7 Qxd7 24. Qg4 Qxg4 25. hxg4 Rd7 26. Kf2 Red8
27. Kf3 Kf8 28. Ke4 h6 29. f5 g5 30. e6 Rc7 31. Bf2 Rb7 32. a4 Bb2 33. Rb1
Ba3 34. Be1 a5 35. Rb5 Rdb8 36. Bg3 Rd8 37. Be5 f6 38. Bg3 Bb4 39. d6 Ke8
40. d7+ Kf8 41. Rd3 Kg7 42. Kd5 {Black resigns} 1-0

[Event "ICC tourney 1955 (60 10)"]
[Site "Internet Chess Club"]
[Date "2020.08.07"]
[Round "2"]
[White "jimjimmo"]
[Black "PearsonH"]
[Result "1-0"]
[ICCResult "Black resigns"]
[WhiteElo "2019"]
[BlackElo "1768"]
[Opening "QGD: classical variation (5.Bf4)"]
[ECO "D37"]
[NIC "QO.04"]
[Time "15:37:22"]
[TimeControl "3600+10"]

1. d4 e6 2. c4 d5 3. Nf3 Nf6 4. Nc3 Be7 5. Bf4 O-O 6. e3 Nbd7 7. Nb5 Ne8 8.
c5 c6 9. Nc3 Nef6 10. Bd3 Re8 11. O-O h6 12. e4 dxe4 13. Nxe4 Nxe4 14. Bxe4
Nf6 15. Bc2 b6 16. cxb6 axb6 17. Re1 Ba6 18. Ne5 Qc8 19. Qf3 c5 20. Rac1 Bb7
21. Qh3 Bf8 22. Ng4 Nxg4 23. Qxg4 Kh8 24. Re3 cxd4 25. Rg3 e5 26. Bf5 Qd8
27. Bxh6 g6 28. Bg5 Be7 29. Qh4+ Kg8 30. Rh3 {Black resigns} 1-0

[Event "ICC tourney 1955 (60 10)"]
[Site "Internet Chess Club"]
[Date "2020.08.07"]
[Round "2"]
[White "taupuri"]
[Black "Alexbander"]
[Result "1-0"]
[ICCResult "Black checkmated"]
[WhiteElo "1960"]
[BlackElo "1718"]
[Opening "Queen's bishop game"]
[ECO "D02"]
[NIC "QP.08"]
[Time "15:38:26"]
[TimeControl "3600+10"]

1. d4 d5 2. Nf3 Nf6 3. Bf4 e6 4. e3 Nbd7 5. Bd3 Be7 6. O-O O-O 7. Nbd2 c5 8.
c3 c4 9. Bc2 b5 10. e4 Bb7 11. e5 Ne8 12. Bg3 Bc6 13. Qe2 a5 14. Ne1 Qb6 15.
f4 b4 16. f5 bxc3 17. bxc3 Qb2 18. Rb1 Qxc3 19. Ndf3 a4 20. Qf2 exf5 21.
Bxf5 Nc7 22. Bh4 Bxh4 23. Bxh7+ Kh8 24. Qxh4 Qe3+ 25. Rf2 Qh6 26. Qxh6 g6
27. Bxg6+ Kg8 28. Qh7# {Black checkmated} 1-0

[Event "ICC tourney 1955 (60 10)"]
[Site "Internet Chess Club"]
[Date "2020.08.07"]
[Round "2"]
[White "oregonchessguy"]
[Black "Tombstone"]
[Result "1/2-1/2"]
[ICCResult "Game drawn by mutual agreement"]
[WhiteElo "1866"]
[BlackElo "2018"]
[Opening "Sicilian, Chekhover variation"]
[ECO "B53"]
[NIC "SI.02"]
[Time "15:38:02"]
[TimeControl "3600+10"]

1. e4 c5 2. Nf3 d6 3. d4 cxd4 4. Qxd4 e5 5. Bb5+ Bd7 6. Bxd7+ Nxd7 7. Qd3 a6
8. c4 Nc5 9. Qc2 g6 10. Nc3 Bg7 11. Be3 Ne6 12. Rd1 Rc8 13. b3 Ne7 14. O-O
Qc7 15. Qd2 Rd8 16. Rfe1 b6 17. h3 O-O 18. Nd5 Nxd5 19. cxd5 Nc5 20. Rc1 Qb8
21. Bh6 f5 22. Bxg7 Kxg7 23. Ng5 h6 24. Rxc5 bxc5 25. Ne6+ Kh7 26. exf5 Rxf5
27. Nxd8 Qxd8 28. Qd3 Qa5 29. Re2 Qa3 30. Rc2 Qa5
{Game drawn by mutual agreement}
1/2-1/2

[Event "ICC tourney 1955 (60 10)"]
[Site "Internet Chess Club"]
[Date "2020.08.07"]
[Round "2"]
[White "Roger436"]
[Black "bg26723"]
[Result "0-1"]
[ICCResult "White resigns"]
[WhiteElo "1572"]
[BlackElo "1972"]
[Opening "Caro-Kann: advance variation"]
[ECO "B12"]
[NIC "CK.04"]
[Time "15:38:05"]
[TimeControl "3600+10"]

1. e4 c6 2. d4 d5 3. e5 Bf5 4. Nd2 e6 5. Nb3 Nd7 6. Nf3 c5 7. c3 Rc8 8. Bg5
Qb6 9. Qd2 Ne7 10. Be2 Nc6 11. O-O cxd4 12. cxd4 Bb4 13. Qe3 h6 14. Bh4 O-O
15. h3 Bc2 16. Rac1 Bxb3 17. axb3 Be7 18. Rxc6 Qxc6 19. Bxe7 Rfe8 20. Bd6 a6
21. Bd3 Nf8 22. Nh2 f5 23. f4 Qb6 24. Bb1 Ng6 25. g4 Nh4 26. Bc5 Qd8 27. Nf3
g6 28. Qf2 Nxf3+ 29. Qxf3 Kh7 30. Kh2 b6 31. Bd6 Rg8 32. Bd3 a5 33. Qe2 Qh4
34. Ba6 Ra8 35. Rc1 fxg4 36. Rc7+ Rg7 37. Rxg7+ Kxg7 38. Bd3 Qxh3+ 39. Kg1
Rc8 40. Bc2 g3 41. Bd1 Rc1 42. Qf3 Rxd1+ {White resigns} 0-1